 Dungeon Crawl Stone Soup version 0.22-a0-149-g870e420 (webtiles) character file.

5541 Serpenta the Covert (level 10, -8/94 HPs)
             Began as an Octopode Enchanter on Feb 7, 2018.
             Was an Initiate of Ashenzari.
             Mangled by Joseph
             ... wielding a +1 quarterstaff of protection
              (17 damage)
             ... on level 7 of the Dungeon.
             The game lasted 00:33:22 (10395 turns).

Serpenta the Covert (Octopode Enchanter)           Turns: 10395, Time: 00:33:22

Health: -8/94      AC:  4    Str: 14    XL:     10   Next: 71%
Magic:  8/19       EV: 13    Int: 17    God:    Ashenzari [......]
Gold:   576        SH:  0    Dex: 15    Spells: 6/21 levels left

rFire    . . .     SeeInvis .   e - +7 dagger (venom) (curse)
rCold    . . .     Gourm    .   (no shield)
rNeg     + . .     Faith    .   (helmet restricted)
rPois    .         Spirit   .   (no amulet)
rElec    .         Reflect  .   k - +3 ring of protection
rCorr    .         Harm     .   F - ring of positive energy
MR       .....                  (no ring)
Stlth    ..........             (no ring)
HPRegen  0.25/turn              (no ring)
MPRegen  0.16/turn              (no ring)
                                (no ring)
                                (no ring)

@: berserking, hasted, very quick
A: almost no armour, stealthy swim, amphibious, 8 rings, constrict 8, camouflage
1, gelatinous body 1
a: Curse Item, Renounce Religion


You were on level 7 of the Dungeon.
You worshipped Ashenzari.
Ashenzari was noncommittal.
You were hungry.

You visited 2 branches of the dungeon, and saw 12 of its levels.
You also visited: Ossuary.

You collected 576 gold pieces.


Innate Abilities, Weirdness & Mutations

You cannot wear most types of armour.
You are very stealthy in the water. (Stealth+)
You are amphibious.
You can wear up to eight rings at the same time.
You can use your tentacles to constrict eight enemies at once.
Your skin changes colour to match your surroundings (Stealth+).
Your rubbery body absorbs attacks. (AC +1, EV +1)


   Skills:
 - Level 4.0 Fighting
 + Level 9.1 Short Blades
 - Level 2.0 Dodging
 + Level 12.8 Stealth
 + Level 6.1 Spellcasting
 - Level 6.0 Hexes


You had 6 spell levels left.
You knew the following spells:

 Your Spells              Type           Power        Failure   Level  Hunger
A - Corona                Hex            ####...      1%          1    None
B - Ensorcelled Hibernat  Hex/Ice        ###...       5%          2    None
C - Confuse               Hex            ####....     3%          3    ##.....
D - Tukima's Dance        Hex            ####....     3%          3    ##.....
E - Passwall              Tmut/Erth      #.........   19%         2    None
F - Petrify               Tmut/Erth      #.......     77%         4    ####...

Action                   |  1- 3 |  4- 6 |  7- 9 | 10-12 || total
-------------------------+-------+-------+-------+-------++-------
Melee: Dagger            |    61 |    99 |   165 |   114 ||   439
       Constrict         |    17 |    18 |    29 |    25 ||    89
       Tentacles         |     5 |    15 |    26 |    20 ||    66
 Cast: Ensorcelled Hiber |    13 |    27 |    51 |    27 ||   118
       Corona            |     1 |       |       |       ||     1
       Confuse           |       |     5 |     6 |    12 ||    23
       Passwall          |       |       |     3 |     2 ||     5
       Tukima's Dance    |       |       |     1 |     4 ||     5
Invok: Curse Item        |       |       |       |     1 ||     1
  Use: Scroll            |     3 |     3 |    15 |     1 ||    22
       Potion            |       |       |     2 |     5 ||     7
 Stab: Sleeping          |    12 |    26 |    48 |    18 ||   104
       Confused          |       |     2 |     3 |     4 ||     9
       Distracted        |       |       |       |     1 ||     1
  Eat: Chunk             |     3 |    10 |     7 |       ||    20
       Ration            |       |       |     3 |     2 ||     5
Armor: Skin              |    11 |     8 |    24 |    11 ||    54
Dodge: Dodged            |    28 |    42 |    75 |    57 ||   202

Inventory:

Hand Weapons
 e - a cursed +7 dagger of venom (weapon)
 q - a +0 blowgun
Missiles
 t - 2 curare-tipped needles
 y - 2 throwing nets (quivered)
Armour
 B - a +0 large shield
Jewellery
 h - an uncursed ring of ice
 k - a +3 ring of protection (left tentacle)
 F - a ring of positive energy (right tentacle)
Wands
 m - a wand of enslavement (15)
 v - a wand of disintegration (21)
 w - a wand of acid (10)
Scrolls
 b - 2 scrolls of teleportation
 d - 2 scrolls of magic mapping
 g - 2 scrolls of fog
 o - 5 scrolls of remove curse
 A - a scroll of immolation
 G - a scroll of amnesia {unknown}
 H - 2 scrolls of identify
 J - a scroll of enchant armour {unknown}
Potions
 f - 3 potions of agility
 i - a potion of magic
 j - 4 potions of flight
 l - 2 potions of ambrosia {unknown}
 n - 2 potions of brilliance {unknown}
 p - a potion of mutation {unknown}
 r - 2 potions of cancellation
 s - a potion of might {unknown}
 x - 2 potions of haste
 z - 2 potions of degeneration {unknown}
 D - a potion of resistance {unknown}
 E - a potion of heal wounds {unknown}
Miscellaneous
 C - a lamp of fire
Comestibles
 c - 15 rations

..........###.## #.........
#...........#..# #.........
###............#######.........
#..........#.#....##.........
#.........##............#####
#.........###........<###
###..........#......#####
#....##.##.....@(...# .
#..o......@#..>.#
##.##.....#.#....#
###..##...#.#.#@#####
#...###........[....#
##.......##......(...#
....$....#.##..........#
....#.##...#####..######
..##.........###..#
.........<.#...#..#


You could see Joseph and an orc.

Vanquished Creatures
  A two-headed ogre (D:9)
  An unseen horror (D:10)
  A troll (D:9)
  Grinder (D:6)
  2 hippogriffs
  An acid dragon (D:7)
  A water moccasin (D:5)
  2 orc warriors
  2 ice beasts (D:8)
  4 phantoms
  2 black bears (D:9)
  A centaur (D:6)
  5 ogres
  A big kobold (D:7)
  4 bullfrogs
  A scorpion (D:7)
  2 water moccasin zombies (Ossuary)
  A wyvern skeleton (D:6)
  2 water moccasin skeletons
  3 killer bees
  2 howler monkeys
  An electric eel (D:8)
  A crimson imp (D:6)
  A bullfrog zombie (D:5)
  4 hounds
  2 orc priests
  6 orc wizards
  Jessica (D:3)
  3 bullfrog skeletons
  5 iguanas
  Ijyb (D:3)
  5 worker ants
  3 big kobold zombies (Ossuary)
  2 mummies (Ossuary)
  A worker ant zombie (D:9)
  8 adders
  4 gnolls (D:6)
  A shadow imp (D:5)
  An ooze (D:1)
  2 adder zombies
  3 adder skeletons
  3 worms
  2 dart slugs
  5 leopard geckos
  31 orcs
  3 bat zombies (D:6)
  2 giant cockroaches (D:3)
  6 gnoll zombies (Ossuary)
  5 goblins
  6 hobgoblins
  2 jackals (D:6)
  10 kobolds
  4 quokkas
  3 ball pythons
  A ball python zombie (D:5)
  8 bats
  5 frilled lizards
  4 hobgoblin zombies (Ossuary)
  A jackal skeleton (D:6)
  A jackal zombie (D:6)
  3 kobold zombies (Ossuary)
  4 orc zombies (Ossuary)
  A quokka skeleton (D:4)
  8 rats
213 creatures vanquished.

Vanquished Creatures (collateral kills)
  A hound skeleton (D:7)
1 creature vanquished.

Vanquished Creatures (others)
  2 dancing weapons
2 creatures vanquished.

Grand Total: 216 creatures vanquished

Vault maps used:
D:1:      minmay_arrival_arboretum_small
D:2:      lemuel_doored_altar, nicolae_overflow_crystal_walls
D:3:      first_ration, uniq_jessica, uniq_ijyb
D:4:      tgw_trog, kennysheep_generic_room_14
D:5:      old_standard_altar, nicolae_ashenzari_panopticon
D:6:      lemuel_zombie_altar_kikubaaqudgha,
          minmay_temple_entry_statues_fountains, enter_ossuary_3, basic_altar,
          fedhas_altar_1, uniq_grinder
D:7:      minmay_misc_feat_doors, uniq_joseph
D:8:      minitemple, grunt_ogre_cave, kennysheep_potato
D:9:      lemuel_flamethrower_1
D:10:     david_lair_generic, uniq_erolcha
D:11:     enter_trove_0, uniq_maurice
Temple:   hc_temple_tempest_star
Ossuary:  ossuary_tomb_2


Message History

Joseph hits you with an uncursed quarterstaff of protection!
* * * LOW HITPOINT WARNING * * *
You feel better.
A red film seems to cover your vision as you go berserk!
You feel yourself moving faster!
You feel mighty!
Joseph hits you with an uncursed quarterstaff of protection!
* * * LOW HITPOINT WARNING * * *
You barely miss Joseph.
The orc shouts!
You grab Joseph. You squeeze Joseph.
Joseph is lightly wounded.
You constrict Joseph, but do no damage. You completely miss Joseph.
You squeeze Joseph.
Joseph is lightly wounded.
You constrict Joseph, but do no damage. You puncture Joseph!
Joseph is poisoned.
Joseph is moderately wounded.
You constrict Joseph, but do no damage.
Joseph hits you with an uncursed quarterstaff of protection!
You die...

Notes
Turn   | Place    | Note
-------+----------+-------------------------------------------
     0 | D:1      | Serpenta the Octopode Enchanter began the quest for the Orb.
     0 | D:1      | Reached XP level 1. HP: 11/11 MP: 3/3
   151 | D:1      | Reached XP level 2. HP: 17/17 MP: 5/5
   237 | D:1      | Learned a level 2 spell: Ensorcelled Hibernation
   671 | D:2      | Reached XP level 3. HP: 16/21 MP: 3/6
   754 | D:2      | Found a blossoming altar of Fedhas.
   999 | D:2      | Found a glowing silver altar of Zin.
  1354 | D:2      | Reached skill level 5 in Stealth
  1422 | D:2      | Reached XP level 4. HP: 27/27 MP: 7/7
  1777 | D:3      | Noticed Jessica
  1793 | D:3      | Killed Jessica
  1826 | D:3      | Noticed Ijyb
  1910 | D:3      | Killed Ijyb
  1910 | D:3      | Reached XP level 5. HP: 31/31 MP: 5/8
  2163 | D:3      | Learned a level 3 spell: Confuse
  2505 | D:4      | Noticed a phantom
  2648 | D:4      | Reached skill level 6 in Stealth
  2722 | D:4      | Reached XP level 6. HP: 27/36 MP: 3/9
  3397 | D:4      | Noticed a moth of wrath
  3400 | D:4      | Found a bloodstained altar of Trog.
  3734 | D:4      | Learned a level 3 spell: Tukima's Dance
  3761 | D:5      | Entered Level 5 of the Dungeon
  3855 | D:5      | Found a shattered altar of Ashenzari.
  3861 | D:5      | Noticed a phantom
  3922 | D:5      | Noticed a water moccasin
  4054 | D:5      | Reached skill level 5 in Hexes
  4060 | D:5      | Reached skill level 7 in Stealth
  4099 | D:5      | Reached XP level 7. HP: 39/41 MP: 3/10
  4184 | D:5      | Found a snail-covered altar of Cheibriados.
  4535 | D:5      | Reached skill level 8 in Stealth
  4648 | D:5      | Reached skill level 5 in Short Blades
  4648 | D:5      | Reached XP level 8. HP: 46/46 MP: 11/11
  4750 | D:6      | Found a sand-covered staircase.
  4752 | D:6      | Found an ornate altar of the Wu Jian Council.
  4762 | Ossuary  | Entered an ossuary
  4997 | Ossuary  | Reached skill level 1 in Fighting
  5519 | D:6      | Noticed Grinder
  5680 | D:7      | Noticed kal9871's ghost (novice SpBe)
  5691 | D:7      | Noticed Joseph
  5741 | D:8      | Found an ornate altar of the Wu Jian Council.
  5741 | D:8      | Found a hazy altar of Hepliaklqana.
  6024 | D:8      | Learned a level 2 spell: Passwall
  6168 | D:8      | Reached skill level 9 in Stealth
  6407 | D:8      | Reached XP level 9. HP: 58/58 MP: 8/12
  6696 | D:8      | Reached skill level 10 in Stealth
  6863 | D:9      | Noticed a two-headed ogre
  7307 | D:9      | Noticed a troll
  7626 | D:10     | Entered Level 10 of the Dungeon
  7783 | D:10     | Killed an unseen horror
  7783 | D:10     | Reached skill level 11 in Stealth
  7790 | D:10     | Noticed Erolcha
  7790 | D:10     | HP: 2/58 [hippogriff (2)]
  7791 | D:10     | Found a staircase to the Lair.
  7792 | D:10     | Noticed an elephant
  7875 | D:11     | Noticed a cyclops
  8112 | D:11     | Learned a level 4 spell: Petrify
  8279 | D:9      | Killed a two-headed ogre
  8279 | D:9      | Reached skill level 5 in Spellcasting
  8279 | D:9      | Reached XP level 10. HP: 63/63 MP: 15/17
  8296 | D:9      | Reached skill level 12 in Stealth
  8705 | D:8      | Found a burning altar of Makhleb.
  8706 | D:8      | Found an iron altar of Okawaru.
  8708 | D:8      | Found a glowing golden altar of the Shining One.
  9471 | D:6      | Paralysed by Grinder for 6 turns
  9481 | D:6      | Killed Grinder
  9890 | D:6      | Found an ancient bone altar of Kikubaaqudgha.
 10009 | D:6      | Found a blossoming altar of Fedhas.
 10070 | D:6      | Found a staircase to the Ecumenical Temple.
 10085 | Temple   | Entered the Ecumenical Temple
 10249 | Temple   | Became a worshipper of Ashenzari the Shackled
 10390 | D:7      | HP: 1/63 [Joseph/uncursed quarterstaff of protection (17)]
 10395 | D:7      | Mangled by Joseph
